 Dungeon Crawl Stone Soup version 0.29-a0-993-g4a18f31a58 (webtiles) character file.

Game seed: 5365662086819330330

324 Nato the Skirmisher (level 6, -8/34 HPs)
             Began as a Deep Elf Hunter on Aug 3, 2022.
             Was an Initiate of Okawaru.
             Mangled by a troll (10 damage)
             ... on level 5 of the Dungeon.
             The game lasted 00:08:14 (4877 turns).

Nato the Skirmisher (Deep Elf Hunter)               Turns: 4877, Time: 00:08:15

Health: -8/34      AC:  4    Str:  8    XL:     6   Next: 23%
Magic:  8/8        EV: 12    Int: 14    God:    Okawaru [......]
Gold:   310        SH:  0    Dex: 20    Spells: 5/5 levels left

rFire   . . .      SeeInvis .   a - +0 shortbow
rCold   . . .      Faith    .   (shield currently unavailable)
rNeg    . . .      Spirit   .   c - +0 leather armour
rPois   .          Reflect  .   (no helmet)
rElec   .          Harm     .   (no cloak)
rCorr   .          Rampage  .   r - +0 pair of gloves
Will    .....                   (no boots)
Stlth   ++........              (no amulet)
HPRegen 0.11/turn               (no ring)
MPRegen 0.11/turn               (no ring)

@: no status effects
A: no striking features
a: Renounce Religion


You were on level 5 of the Dungeon.
You worshipped Okawaru.
Okawaru was noncommittal.
You visited 1 branch of the dungeon, and saw 5 of its levels.
You also visited: Sewer.

You collected 310 gold pieces.

Inventory:

Hand Weapons
 a - a +0 shortbow (weapon)
Armour
 c - a +0 leather armour (worn)
 r - a +0 pair of gloves (worn)
 s - a +0 chain mail
Jewellery
 t - a ring of protection from cold
 x - a ring of magical power
Scrolls
 b - 2 scrolls of immolation
 d - 2 scrolls of fear {unknown}
 h - a scroll of acquirement {unknown}
 i - 2 scrolls of enchant armour {unknown}
 k - 6 scrolls of vulnerability
 m - 2 scrolls of identify
 n - 2 scrolls of blinking {unknown}
 o - 2 scrolls of enchant weapon {unknown}
 p - 6 scrolls of teleportation
Potions
 e - 8 potions of flight
 f - a potion of berserk rage {unknown}
 g - a potion of resistance {unknown}
 j - 2 potions of degeneration {unknown}
 l - 2 potions of curing {unknown}
 q - a potion of haste {unknown}
 u - a potion of brilliance {unknown}
 v - a potion of mutation {unknown}
 w - a potion of heal wounds {unknown}


   Skills:
 - Level 1.5 Fighting
 + Level 9.5 Ranged Weapons
 - Level 2.4 Dodging
 - Level 3.0 Stealth


You had 5 spell levels left.
You didn't know any spells.
Your spell library contained the following spells:

 Spells                   Type           Power      Damage    Failure   Level
 Magic Dart               Conj           0%         1d3       38%         1
 Necrotise                Necr           0%         1d4       38%         1
 Searing Ray              Conj           0%         2d4       54%         2
 Sublimation of Blood     Necr           0%         N/A       54%         2
 Wereblood                Tmut           0%         N/A       54%         2
 Vampiric Draining        Necr           0%         2d6       77%         3
 Fulminant Prism          Conj/Hex       0%         3d6       99%         4
 Agony                    Necr           0%         N/A       100%        5
 Orb of Destruction       Conj           0%         9d5       100%        7
 Summon Guardian Golem    Hex/Summ       Unusable   N/A       N/A         3
 Spellforged Servitor     Conj/Summ      Unusable   N/A       N/A         7
 Summon Hydra             Summ           Unusable   N/A       N/A         7

Dungeon Overview and Level Annotations

Branches:
Dungeon (5/15)              Sewer (visited)
 Temple: D:4-7

Altars:
Ashenzari
Okawaru
Trog

Shops:
D:1 *   D:4 :[:=


Message History

Done waiting.
There is a stone staircase leading up here.
You see here a +0 trident.
You see here a +0 trident.
You see here a +0 mace.
There is a stone staircase leading up here.
There is a shaft here.
Items here: ))) [[.
Things that are here:
a +0 scale mail; a +0 mace
There is a stone staircase leading down here.
You climb downwards.
There is a stone staircase leading up here.
You start waiting.
A troll is nearby!
You shoot an arrow. The troll shouts!
The arrow hits the troll.
The troll is lightly wounded.
You hear a shout!
No target in view!
You start waiting.
An ufetubus comes into view.
You shoot an arrow. The arrow hits the troll!
The troll is moderately wounded.
You shoot an arrow. The arrow barely misses the troll.
You shoot an arrow. The arrow closely misses the troll.
The troll bites you. The troll misses you. The troll claws you.
You shoot an arrow. The arrow hits the troll!
The troll is heavily wounded.
The troll bites you. The troll claws you. The troll claws you!
You are too injured to fight recklessly!
You are too injured to fight recklessly!
As you read the scroll labelled XATUUW BIHE, it crumbles to dust.
It is a scroll of identify.
k - 6 scrolls of vulnerability The troll bites you!
* * * LOW HITPOINT WARNING * * *
The troll claws you!
You die...

#......
:###.......##
#.#.........#
##........T<#
#.....#######
.......
.......
.......###
#5T@# #####


You could see a troll and an ufetubus.

Vanquished Creatures
  An orc priest (D:3)
  A jelly (D:5)
  An orc wizard (D:4)
  A merfolk siren (Sewer)
  A merfolk avatar (Sewer)
  2 river rats (Sewer)
  4 adders
  2 worms
  5 dart slugs
  13 orcs
  9 ball pythons
  7 endoplasms
  7 giant cockroaches
  11 goblins
  6 hobgoblins
  3 kobolds
  6 quokkas
  4 bats
  6 frilled lizards
  25 rats
115 creatures vanquished.

Vanquished Creatures (others)
  A wizard (D:3)
1 creature vanquished.

Grand Total: 116 creatures vanquished

Notes
Turn   | Place    | Note
-------+----------+-------------------------------------------
     0 | D:1      | Nato the Deep Elf Hunter began the quest for the Orb.
     0 | D:1      | Reached XP level 1. HP: 12/12 MP: 3/3
    57 | D:1      | Reached XP level 2. HP: 16/16 MP: 4/4
   103 | D:1      | Found Ikiyqoapn's General Store.
   265 | D:1      | Reached skill level 6 in Ranged Weapons
   265 | D:1      | You fall into a shaft and drop 1 floor!
   294 | D:2      | Reached XP level 3. HP: 3/20 MP: 5/5
   710 | D:2      | Found a faded altar of an unknown god.
  1810 | D:3      | Reached XP level 4. HP: 25/25 MP: 6/6
  1859 | D:3      | Reached skill level 7 in Ranged Weapons
  1964 | D:3      | Found a bloodstained altar of Trog.
  1970 | D:3      | Found a glowing drain.
  1977 | Sewer    | Entered a sewer
  2284 | Sewer    | Reached XP level 5. HP: 29/29 MP: 7/7
  2299 | Sewer    | Reached skill level 8 in Ranged Weapons
  2864 | D:3      | Noticed a wizard
  2866 | D:3      | Killed a wizard
  3122 | D:4      | Found an iron altar of Okawaru.
  3202 | D:4      | Became a worshipper of Warmaster Okawaru
  3283 | D:4      | Found Cahanwel's Armour Shop.
  3329 | D:4      | Found Zaweism's Book Shop.
  3334 | D:4      | Reached skill level 9 in Ranged Weapons
  3449 | D:4      | Found a broken altar of Ashenzari.
  3732 | D:4      | Reached XP level 6. HP: 20/34 MP: 8/8
  4148 | D:4      | Found Ciongadum's Book Shoppe.
  4159 | D:4      | Found Urhicod's Jewellery Boutique.
  4262 | D:5      | Entered Level 5 of the Dungeon
  4264 | D:5      | Noticed a troll
  4877 | D:5      | Mangled by a troll

Illustrated notes

Levels and vault maps discovered:
D:1:      wander_arrival_peaceful_grave, layout_rooms, serial_shops, shop,
          minmay_misc_feat_roman, minmay_misc_feat_square
D:2:      layout_loops_ring, chequers_ecumenical_altar_simple
D:3:      layout_loops_ring, trog_wizard, cheibrodos_sewer_entry_drain
D:4:      layout_cave_pods, mainiacjoe_overflow_six_doors_small,
          kennysheep_okawaru_gauntlet, serial_shops, shop, shop_statue,
          nicolae_shop_competitors_out_of_business,
          nicolae_shop_competitors_out_of_business
D:5:      minmay_clustersquares, layout_basic, minmay_manual_mail, uniq_pikel,
          uniq_eustachio

Skill      XL: |  1  2  3  4  5 |
---------------+----------------+-----
Stealth        | 2 3 |  3.0
Ranged Weapons | 6 7 9 |  9.5
Fighting       | |  1.5
Dodging        | |  2.4

Action                   |  1- 3 |  4- 6 || total
-------------------------+-------+-------++-------
 Fire: Shortbow          |   100 |   194 ||   294
  Use: Scroll            |       |     1 ||     1
Armor: Leather armour    |     6 |    17 ||    23
Dodge: Dodged            |    15 |    27 ||    42

Table legend: (Time is in decaauts)
 A = Elapsed time spent in this place.
 B = Non-inter-level travel time spent in this place.
 C = Inter-level travel time spent in this place.
 D = Time resting spent in this place.
 E = Time spent auto-exploring this place.
 F = Levels seen in this place.
 G = Mean time per level.
                   A        B        C        D        E       F      G
               +--------+--------+--------+--------+--------+-----+--------+
         Total |   4976 |   4378 |    598 |    963 |   2810 |   6 |  829.3 |
       Dungeon |   4434 |   3836 |    598 |    963 |   2434 |   5 |  886.8 |
         Sewer |    542 |    542 |      0 |      0 |    376 |   1 |  542.0 |
               +--------+--------+--------+--------+--------+-----+--------+

Top non-repeatable levels by time:
     D:4: 1810 daAuts
     D:2: 1311 daAuts
     D:3: 796 daAuts
   Sewer: 542 daAuts
     D:1: 428 daAuts
     D:5: 87 daAuts
